 Dungeon Crawl Stone Soup version 0.25-a0-339-gb37b713d4c (webtiles) character file.

Game seed: 6576927291336488199, levelgen mode: deterministic

112 Faustar the Magician (level 4, -2/27 HPs)
             Began as an Octopode Wizard on Dec 29, 2019.
             Killed from afar by Robin (14 damage)
             ... with a puff of flame
             ... on level 2 of the Dungeon.
             The game lasted 00:04:26 (2503 turns).

Faustar the Magician (Octopode Wizard)              Turns: 2503, Time: 00:04:26

Health: -2/27      AC:  2    Str:  6    XL:     4   Next: 93%
Magic:  8/9        EV: 13    Int: 21    God:
Gold:   64         SH:  0    Dex: 10    Spells: 7/10 levels left

rFire    . . .     SeeInvis .   b - +2 dagger (venom)
rCold    . . .     Gourm    .   (no shield)
rNeg     . . .     Faith    .   g - +1 hat
rPois    .         Spirit   .   (no amulet)
rElec    .         Reflect  .   (no ring)
rCorr    .         Harm     .   (no ring)
MR       .....                  (no ring)
Stlth    +++.......             (no ring)
HPRegen  0.09/turn              (no ring)
MPRegen  0.11/turn              (no ring)
                                (no ring)
                                (no ring)

@: no status effects
A: almost no armour, stealthy swim, amphibious, 8 rings, constrict 8, camouflage
1, gelatinous body 1
a: no special abilities


You were on level 2 of the Dungeon.
You were not hungry.

You visited 1 branch of the dungeon, and saw 2 of its levels.

You collected 64 gold pieces.

Inventory:

Hand Weapons
 b - a +2 dagger of venom (weapon)
Armour
 g - a +1 hat (worn)
Scrolls
 d - a scroll of teleportation {unknown}
 e - 2 scrolls of identify {unknown}
 h - a scroll of enchant weapon {unknown}
 j - a scroll of enchant armour {unknown}
Potions
 f - a potion of lignification {unknown}
 i - a potion of magic {unknown}
Comestibles
 a - a chunk of flesh
 c - 4 rations


   Skills:
 - Level 2.0 Dodging
 - Level 2.6 Stealth
 + Level 3.8 Spellcasting
 + Level 2.7 Conjurations
 * Level 2.4 Summonings
   Level 1.0 Translocations


You had 7 spell levels left.
You knew the following spells:

 Your Spells              Type           Power        Failure   Level  Hunger
a - Magic Dart            Conj           ###.         4%          1    None
b - Call Imp              Summ           ##......     7%          2    #......

Your spell library contained the following spells:

 Spells                   Type           Power        Failure   Level  Hunger
 Blink                    Tloc           N/A          12%         2    #......
 Slow                     Hex            #.......     19%         2    #......
 Conjure Flame            Conj/Fire      #.......     21%         3    ###....
 Mephitic Cloud           Conj/Pois/Air  #.......     26%         3    ###....


Dungeon Overview and Level Annotations

Branches:
Dungeon (2/15)

Altars:

Annotations:
D:2 Robin


Innate Abilities, Weirdness & Mutations

You cannot wear most types of armour.
You are very stealthy in the water. (Stealth+)
You are amphibious.
You can wear up to eight rings at the same time.
You can use your tentacles to constrict eight enemies at once.
Your skin changes colour to match your surroundings (Stealth+).
Your rubbery body absorbs attacks. (AC +1, EV +1)


Message History

The puff of frost hits the hobgoblin!
The hobgoblin dies!
You hit the hobgoblin.
The hobgoblin is poisoned.
You grab the hobgoblin.
The hobgoblin is heavily wounded.
You constrict the hobgoblin, but do no damage.
The hobgoblin closely misses your white imp.
Your white imp hits the hobgoblin but does no damage.
You hit the hobgoblin.
You kill the hobgoblin!
You hit the goblin.
The goblin is poisoned.
You grab the goblin.
The goblin is severely wounded.
You constrict the goblin, but do no damage.
The goblin hits you with a +0 club.
Your white imp hits the goblin.
The goblin dies!
Robin zaps a wand.
The puff of flame hits you!
Your white imp gestures at Robin.
The puff of frost hits Robin.
Robin zaps a wand.
The puff of flame hits you!
Ouch! That really hurt!
You die...

......... ..# #÷# #.#
..####### #)# #.# #.#
..#############.#########.#
#..
.................g.g..g†..#
### .....#.######
#.########### ######.# #.#
#.# #.#
#.########.###########
#.........5@gK......gK
######################


You could see Robin, a kobold and a friendly white imp.

Vanquished Creatures
  A gnoll (D:1)
  An adder (D:2)
  2 worms (D:2)
  A leopard gecko (D:1)
  A ball python (D:1)
  3 giant cockroaches
  7 hobgoblins
  12 jackals
  A quokka (D:2)
  7 bats
  2 frilled lizards
  12 goblins
  5 kobolds
  7 rats
62 creatures vanquished.

Vanquished Creatures (collateral kills)
  2 gnolls (D:2)
  2 hobgoblins (D:2)
  A goblin (D:2)
5 creatures vanquished.

Grand Total: 67 creatures vanquished

Notes
Turn   | Place    | Note
-------+----------+-------------------------------------------
     0 | D:1      | Faustar the Octopode Wizard began the quest for the Orb.
     0 | D:1      | Reached XP level 1. HP: 11/11 MP: 4/4
   351 | D:1      | Reached XP level 2. HP: 17/17 MP: 6/6
   832 | D:1      | Reached XP level 3. HP: 21/21 MP: 7/7
   876 | D:1      | Learned a level 2 spell: Call Imp
  1486 | D:2      | Reached XP level 4. HP: 26/27 MP: 6/9
  1742 | D:2      | Noticed Robin
  2503 | D:2      | Killed from afar by Robin

Levels and vault maps discovered:
D:1:      sevenhm_arrival_forest_fort_small_4, layout_basic,
          corexii_leaking_fountain, minmay_bisected
D:2:      layout_loops_ring, first_ration, uniq_robin

Skill      XL: |  1  2  3  4 |
---------------+-------------+-----
Conjurations   | 2 |  2.7
Summonings     | 2 |  2.4
Dodging        | |  2.0
Stealth        | |  2.6
Spellcasting   | |  3.8
Translocations | |  1.0

Action                   |  1- 3 |  4- 6 || total
-------------------------+-------+-------++-------
Melee: Unarmed           |    11 |       ||    11
       Constrict         |    24 |    14 ||    38
       Whip              |     3 |       ||     3
       Tentacles         |    11 |     4 ||    15
       Dagger            |    63 |    47 ||   110
 Cast: Magic Dart        |    14 |     6 ||    20
       Call Imp          |     1 |     6 ||     7
  Use: Potion            |     1 |       ||     1
 Stab: Sleeping          |     6 |     4 ||    10
  Eat: Chunk             |     2 |     3 ||     5
Armor: Skin              |    13 |     4 ||    17
Dodge: Dodged            |    57 |    22 ||    79

Table legend:
 A = Non-vault XP
 B = Vault XP
 C = Vault XP percentage of total XP
 D = Non-vault monster count
 E = Vault monster count
 F = Vault count percentage of total count
                 A         B        C        D         E       F
            +---------+---------+-------+---------+---------+-------
      Total |     140 |      20 |  12.5 |      56 |      11 |  16.4
            +---------+---------+-------+---------+---------+-------
        D:1 |      58 |       6 |   9.4 |      28 |       3 |   9.7
        D:2 |      82 |      14 |  14.6 |      28 |       8 |  22.2
            +---------+---------+-------+---------+---------+-------
